[ AOE2 MATCH · #506194418 ]
UnrankedGoths vs Incas
Player's team · LOSS
Rival team · WIN
[ REPLAY ANALYSIS · EXTRACTED FROM THE RECORDED GAME ]
Feudal
8:57
Castle
22:18
Imperial
—
| APM avg | 54.8 |
| APM peak | 89 |
| eAPM avg | 22.1 |
| Villagers / military | 55 / 38 |
Focus
⚔️ 34.7% · 🌾 65.3%
Skirmisher ×25 · Militia ×10 · Spearman ×3
Feudal
8:54
Castle
25:09
Imperial
—
| APM avg | 67.0 |
| APM peak | 100 |
| eAPM avg | 23.4 |
| Villagers / military | 50 / 24 |
Focus
⚔️ 48.5% · 🌾 51.5%
Archer ×23 · Unknown (2550) ×22 · Spearman ×1
Match map
Initial resources + every placement click. Lines = walls · curves = elevation contours. ◆ gold · ⬟ stone · ● berries · ✦ relic · ◌ wall gap
Your base· ✓ Closed at 22:18 · 71t walls · no gate
Fabrizio 094455's base· ✓ Closed at 25:09 · 48t walls · no gate
Smoothed initial terrain · ◌ = detected wall gap · hover for details
Inputs per minute
— Seabriskets - - Fabrizio 094455
Build order — Seabriskets
First 150 of 165 actions detected
| 0:01 | Queue | Villager (Male) |
| 0:01 | Queue | Villager (Male) |
| 0:02 | Build | House |
| 0:04 | Build | House |
| 0:05 | Queue | Villager (Male) |
| 0:05 | Queue | Villager (Male) |
| 0:06 | Queue | Villager (Male) |
| 1:26 | Queue | Villager (Male) |
| 1:26 | Queue | Villager (Male) |
| 1:55 | Build | Lumber Camp |
| 2:07 | Queue | Villager (Male) |
| 2:20 | Queue | Villager (Male) |
| 2:20 | Queue | Villager (Male) |
| 2:51 | Queue | Villager (Male) |
| 3:10 | Queue | Villager (Male) |
| 3:10 | Queue | Villager (Male) |
| 3:26 | Build | House |
| 3:40 | Queue | Villager (Male) |
| 3:47 | Build | House |
| 4:18 | Queue | Villager (Male) |
| 4:34 | Queue | Villager (Male) |
| 4:34 | Queue | Villager (Male) |
| 5:24 | Queue | Villager (Male) |
| 5:37 | Build | Barracks |
| 5:39 | Queue | Villager (Male) |
| 6:09 | Research | Loom |
| 6:16 | Build | Palisade Wall |
| 6:17 | Build | Palisade Wall |
| 6:19 | Build | Palisade Wall |
| 6:47 | Research | Feudal Age |
| 6:47 | Research | Feudal Age |
| 7:05 | Build | Mining Camp |
| 7:15 | Queue | Militia |
| 7:16 | Queue | Militia |
| 7:16 | Queue | Militia |
| 8:21 | Queue | Militia |
| 8:47 | Queue | Villager (Male) |
| 8:55 | Build | House |
| 8:57 | Age | Feudal Age |
| 8:59 | Build | Palisade Wall |
| 9:15 | Research | Man-at-Arms (upgrade) |
| 9:16 | Queue | Villager (Male) |
| 9:16 | Queue | Villager (Male) |
| 9:34 | Queue | Villager (Male) |
| 10:06 | Queue | Militia |
| 10:07 | Queue | Militia |
| 10:11 | Build | Mill |
| 10:25 | Queue | Villager (Male) |
| 10:34 | Build | Archery Range |
| 10:41 | Queue | Villager (Male) |
| 10:52 | Build | House |
| 10:57 | Build | House |
| 11:22 | Queue | Villager (Male) |
| 11:25 | Build | Farm |
| 11:26 | Build | Farm |
| 11:34 | Build | House |
| 11:37 | Build | Palisade Wall |
| 11:38 | Build | Palisade Wall |
| 11:39 | Build | Palisade Wall |
| 11:41 | Queue | Skirmisher |
| 11:53 | Build | Farm |
| 11:59 | Build | Farm |
| 11:59 | Queue | Villager (Male) |
| 12:00 | Queue | Villager (Male) |
| 12:09 | Build | Palisade Wall |
| 12:11 | Build | Palisade Wall |
| 12:14 | Queue | Spearman |
| 12:31 | Queue | Villager (Male) |
| 12:31 | Queue | Villager (Male) |
| 12:35 | Queue | Skirmisher |
| 12:42 | Build | Farm |
| 12:44 | Queue | Villager (Male) |
| 12:57 | Build | House |
| 13:11 | Queue | Villager (Male) |
| 13:14 | Build | Farm |
| 13:23 | Queue | Villager (Male) |
| 13:40 | Queue | Skirmisher |
| 14:01 | Queue | Villager (Male) |
| 14:05 | Build | Blacksmith |
| 14:07 | Queue | Skirmisher |
| 14:13 | Queue | Villager (Male) |
| 14:18 | Build | Farm |
| 14:30 | Build | Palisade Wall |
| 14:38 | Queue | Skirmisher |
| 14:42 | Queue | Villager (Male) |
| 14:48 | Build | Farm |
| 15:11 | Build | Palisade Wall |
| 15:24 | Queue | Villager (Male) |
| 15:24 | Research | Double-Bit Axe |
| 15:40 | Build | House |
| 15:48 | Queue | Villager (Male) |
| 15:51 | Build | Farm |
| 15:53 | Build | Farm |
| 15:55 | Build | Farm |
| 15:56 | Queue | Villager (Male) |
| 16:22 | Build | House |
| 16:24 | Build | Farm |
| 16:28 | Build | Farm |
| 16:42 | Research | Fletching |
| 16:43 | Queue | Villager (Male) |
| 16:43 | Queue | Villager (Male) |
| 16:54 | Build | Lumber Camp |
| 17:07 | Build | House |
| 17:34 | Build | Farm |
| 17:35 | Queue | Villager (Male) |
| 17:46 | Queue | Skirmisher |
| 17:54 | Queue | Militia |
| 17:54 | Queue | Militia |
| 17:59 | Build | Farm |
| 18:03 | Queue | Villager (Male) |
| 18:03 | Queue | Villager (Male) |
| 18:10 | Queue | Skirmisher |
| 18:37 | Queue | Villager (Male) |
| 18:41 | Build | Market |
| 19:38 | Research | Castle Age |
| 19:41 | Queue | Skirmisher |
| 19:57 | Build | Watch Tower |
| 20:05 | Queue | Militia |
| 20:08 | Build | House |
| 20:11 | Research | Horse Collar |
| 20:11 | Research | Horse Collar |
| 20:19 | Build | House |
| 20:24 | Build | Farm |
| 20:24 | Build | Farm |
| 20:25 | Build | Farm |
| 20:25 | Build | Farm |
| 20:25 | Build | Farm |
| 20:28 | Build | Archery Range |
| 20:44 | Queue | Skirmisher |
| 20:51 | Build | Farm |
| 21:10 | Build | Mill |
| 21:22 | Build | House |
| 21:24 | Build | House |
| 21:34 | Queue | Skirmisher ×2 |
| 21:46 | Queue | Militia |
| 22:12 | Queue | Skirmisher |
| 22:13 | Queue | Skirmisher |
| 22:14 | Queue | Spearman |
| 22:14 | Queue | Spearman |
| 22:18 | Age | Castle Age |
| 22:22 | Queue | Skirmisher |
| 22:52 | Research | Elite Skirmisher (upgrade) |
| 22:59 | Queue | Villager (Male) |
| 23:05 | Queue | Skirmisher |
| 23:05 | Queue | Skirmisher |
| 23:17 | Build | Town Center |
| 23:28 | Queue | Skirmisher ×4 |
| 23:28 | Queue | Villager (Male) |
| 23:28 | Queue | Villager (Male) |
| 23:48 | Research | Bodkin Arrow |
Build order — Fabrizio 094455
First 150 of 168 actions detected
| 0:00 | Queue | Villager (Male) |
| 0:01 | Queue | Villager (Male) |
| 0:01 | Queue | Villager (Male) |
| 0:02 | Build | House |
| 0:03 | Build | House |
| 0:05 | Queue | Villager (Male) |
| 0:05 | Queue | Villager (Male) |
| 1:25 | Queue | Villager (Male) |
| 1:58 | Build | Settlement |
| 2:07 | Queue | Villager (Male) |
| 2:33 | Queue | Villager (Male) |
| 2:34 | Queue | Villager (Male) |
| 2:59 | Queue | Villager (Male) |
| 3:23 | Queue | Villager (Male) |
| 3:44 | Research | Loom |
| 3:47 | Queue | Villager (Male) |
| 3:48 | Queue | Villager (Male) |
| 4:07 | Queue | Villager (Male) |
| 4:07 | Queue | Villager (Male) |
| 4:28 | Queue | Villager (Male) |
| 4:31 | Queue | Villager (Male) |
| 4:57 | Queue | Villager (Male) |
| 5:31 | Queue | Villager (Male) |
| 6:02 | Build | Barracks |
| 6:06 | Research | Loom |
| 6:38 | Research | Feudal Age |
| 7:03 | Build | Palisade Wall |
| 7:17 | Queue | Unit 2550 |
| 7:17 | Queue | Unit 2550 |
| 7:17 | Queue | Unit 2550 |
| 7:30 | Build | Palisade Wall |
| 7:30 | Build | Palisade Wall |
| 8:54 | Age | Feudal Age |
| 8:57 | Queue | Villager (Male) |
| 8:59 | Build | Archery Range |
| 9:05 | Research | Tech 1402 |
| 9:05 | Research | Tech 1402 |
| 9:33 | Queue | Villager (Male) |
| 9:39 | Build | Blacksmith |
| 9:42 | Build | House |
| 9:49 | Queue | Villager (Male) |
| 10:03 | Queue | Archer |
| 10:04 | Queue | Archer |
| 10:08 | Research | Double-Bit Axe |
| 10:08 | Research | Double-Bit Axe |
| 10:10 | Queue | Spearman |
| 10:13 | Queue | Archer |
| 10:14 | Queue | Villager (Male) |
| 10:20 | Queue | Villager (Male) |
| 10:20 | Queue | Villager (Male) |
| 10:36 | Queue | Villager (Male) |
| 10:41 | Queue | Archer |
| 10:44 | Build | Farm |
| 11:14 | Queue | Villager (Male) |
| 11:24 | Queue | Archer |
| 11:29 | Build | Farm |
| 11:30 | Build | Farm |
| 11:46 | Queue | Villager (Male) |
| 11:46 | Queue | Archer |
| 11:46 | Queue | Archer |
| 11:55 | Build | Farm |
| 12:12 | Build | Settlement |
| 12:26 | Queue | Archer |
| 12:26 | Queue | Villager (Male) |
| 12:34 | Build | House |
| 12:37 | Build | Palisade Wall |
| 12:39 | Build | Palisade Wall |
| 12:42 | Queue | Archer |
| 12:50 | Queue | Villager (Male) |
| 12:54 | Build | Farm |
| 12:58 | Build | Farm |
| 13:04 | Queue | Villager (Male) |
| 13:13 | Build | Palisade Wall |
| 13:17 | Queue | Archer |
| 13:21 | Build | Farm |
| 13:26 | Build | Farm |
| 13:36 | Queue | Villager (Male) |
| 13:38 | Queue | Archer |
| 13:52 | Build | Palisade Wall |
| 13:53 | Build | Palisade Wall |
| 13:54 | Build | Palisade Wall |
| 13:55 | Build | Palisade Wall |
| 14:02 | Queue | Villager (Male) |
| 14:07 | Queue | Unit 2550 |
| 14:07 | Queue | Unit 2550 |
| 14:15 | Build | Farm |
| 14:17 | Build | Farm |
| 14:26 | Queue | Villager (Male) |
| 14:38 | Research | Horse Collar |
| 14:38 | Research | Horse Collar |
| 14:55 | Queue | Unit 2550 |
| 14:55 | Queue | Unit 2550 |
| 14:57 | Queue | Archer |
| 14:59 | Queue | Archer |
| 15:09 | Build | Farm |
| 15:11 | Build | Farm |
| 15:17 | Research | Tech 1402 |
| 15:17 | Research | Tech 1402 |
| 15:21 | Build | House |
| 15:32 | Queue | Villager (Male) |
| 15:32 | Queue | Villager (Male) |
| 15:37 | Queue | Unit 2550 |
| 15:51 | Build | Farm |
| 15:54 | Queue | Villager (Male) |
| 15:58 | Build | Farm |
| 16:05 | Build | Farm |
| 16:07 | Queue | Villager (Male) |
| 16:10 | Queue | Archer |
| 16:12 | Queue | Unit 2550 |
| 16:31 | Research | Fletching |
| 16:32 | Research | Fletching |
| 16:43 | Queue | Villager (Male) |
| 16:44 | Queue | Archer |
| 16:57 | Queue | Unit 2550 |
| 17:00 | Queue | Villager (Male) |
| 17:37 | Queue | Archer |
| 17:37 | Queue | Archer |
| 17:38 | Queue | Villager (Male) |
| 17:39 | Queue | Villager (Male) |
| 17:39 | Queue | Villager (Male) |
| 17:56 | Research | Scale Mail Armor |
| 17:57 | Queue | Villager (Male) |
| 17:59 | Queue | Unit 2550 |
| 18:00 | Queue | Archer |
| 18:21 | Build | Farm |
| 18:24 | Build | Farm |
| 18:25 | Build | Farm |
| 18:32 | Queue | Archer |
| 18:33 | Queue | Villager (Male) |
| 18:54 | Queue | Unit 2550 |
| 19:29 | Queue | Unit 2550 |
| 19:30 | Research | Arson |
| 19:34 | Queue | Archer |
| 19:37 | Build | Market |
| 19:39 | Research | Wheelbarrow |
| 19:51 | Queue | Archer |
| 19:55 | Build | Farm |
| 20:16 | Queue | Villager (Male) |
| 21:28 | Queue | Villager (Male) |
| 21:30 | Queue | Unit 2550 |
| 21:41 | Queue | Archer |
| 21:43 | Queue | Unit 2550 |
| 21:45 | Queue | Archer |
| 21:56 | Queue | Unit 2550 |
| 22:29 | Research | Castle Age |
| 22:41 | Build | Barracks |
| 23:18 | Queue | Unit 2550 |
| 23:56 | Build | Farm |
| 23:57 | Build | Farm |
| 23:57 | Build | Farm |
Match timeline
| 5:37 | Seabriskets · first_building Barracks |
| 6:02 | Fabrizio 094455 · first_building Barracks |
| 6:16 | Seabriskets · wall_segment Palisade Wall x1 |
| 6:17 | Seabriskets · wall_segment Palisade Wall x1 |
| 6:19 | Seabriskets · wall_segment Palisade Wall x1 |
| 7:03 | Fabrizio 094455 · wall_segment Palisade Wall x4 |
| 7:30 | Fabrizio 094455 · wall_segment Palisade Wall x4 |
| 7:30 | Fabrizio 094455 · wall_segment Palisade Wall x6 |
| 8:54 | Fabrizio 094455 · age_up feudal |
| 8:57 | Seabriskets · age_up feudal |
| 8:59 | Seabriskets · wall_segment Palisade Wall x10 |
| 8:59 | Fabrizio 094455 · first_building Archery Range |
| 10:34 | Seabriskets · first_building Archery Range |
| 11:37 | Seabriskets · wall_segment Palisade Wall x1 |
| 11:38 | Seabriskets · wall_segment Palisade Wall x1 |
| 11:39 | Seabriskets · wall_segment Palisade Wall x6 |
| 12:09 | Seabriskets · wall_segment Palisade Wall x14 |
| 12:11 | Seabriskets · wall_segment Palisade Wall x24 |
| 12:37 | Fabrizio 094455 · wall_segment Palisade Wall x7 |
| 12:39 | Fabrizio 094455 · wall_segment Palisade Wall x12 |
| 13:13 | Fabrizio 094455 · wall_segment Palisade Wall x7 |
| 13:52 | Fabrizio 094455 · wall_segment Palisade Wall x8 |
| 13:53 | Fabrizio 094455 · wall_segment Palisade Wall x1 |
| 13:54 | Fabrizio 094455 · wall_segment Palisade Wall x1 |
| 13:55 | Fabrizio 094455 · wall_segment Palisade Wall x1 |
| 14:30 | Seabriskets · wall_segment Palisade Wall x6 |
| 15:11 | Seabriskets · wall_segment Palisade Wall x7 |
| 22:18 | Seabriskets · age_up castle |
| 23:14 | Seabriskets · first_market_sell 100 wood |
| 23:15 | Seabriskets · first_market_buy 100 stone |
| 25:09 | Fabrizio 094455 · age_up castle |
| 26:04 | Seabriskets · resign |
[ AI ANALYSIS · 1 CREDIT ]
What really happened in this match?
Wolo.gg analyzes every decision: build order, eco, micro, common mistakes by bracket. Personalized analysis on WhatsApp or Discord in 30 seconds.
Civ guide
Goths
Perfil
Jugador #1384872